2427 views
Uploaded 2021-08-22 14:03:45
Game version 1.32.10
27:04 long 1on1 ladder game on (4)TurtleRock
Saved by aom
2427 views
Uploaded 2021-08-22 14:03:45
Game version 1.32.10
27:04 long 1on1 ladder game on (4)TurtleRock

57 units @ 9.9k
/ 2.1k
15 buildings @ 2.8k
/ 1.3k

| Healing Salve | 10 | 1000 |
| Scroll of Speed | 6 | 300 |
| Potion of Healing | 5 | 750 |
| Orb of Lightning | 1 | 375 |
| Scroll of Town Portal | 1 | 350 |
| total: | 23 | 2775g |
| Peon | 21 | 1575 | / | 0 |
| Tauren | 20 | 5600 | / | 1600 |
| Shaman | 11 | 1430 | / | 220 |
| Kodo Beast | 5 | 1275 | / | 300 |
| total: | 57 | 9880g | / | 2120w |
| Altar of Storms | 1 | 180 | / | 50 |
| Orc Burrow | 6 | 960 | / | 240 |
| Voodoo Lounge | 1 | 130 | / | 30 |
| War Mill | 1 | 205 | / | 0 |
| Great Hall | 2 | 770 | / | 370 |
| Tauren Totem | 2 | 270 | / | 310 |
| Spirit Lodge | 1 | 150 | / | 150 |
| Beastiary | 1 | 145 | / | 140 |
| Stronghold | 1 | 315 | / | 190 |
| Fortress | 1 | 325 | / | 190 |
| total: | 15 | 2810g | / | 1290w |
| 0:03 | Peon |
| 0:03 | Peon |
| 0:08 | Altar of Storms |
| 0:11 | Orc Burrow |
| 0:19 | Peon |
| 0:35 | Peon |
| 0:51 | Voodoo Lounge |
| 1:01 | Peon |
| 1:01 | Peon |
| 1:29 | Peon |
| 1:29 | Peon |
| 1:45 | Peon |
| 2:04 | Stronghold |
| 2:08 | Critical Strike |
| 2:10 | Healing Salve |
| 2:11 | Scroll of Speed |
| 2:20 | Orc Burrow |
| 2:53 | Orc Burrow |
| 2:56 | Orc Burrow |
| 3:27 | Healing Salve |
| 3:42 | War Mill |
| 4:29 | Fortress |
| 4:33 | Tauren Totem |
| 4:51 | Tauren Totem |
| 5:47 | Steel Melee Weapons |
| 6:08 | Wind Walk |
| 6:13 | Potion of Healing |
| 6:13 | Healing Salve |
| 6:50 | Tauren |
| 6:52 | Tauren |
| 6:53 | Tauren |
| 6:54 | Tauren |
| 7:34 | Thorium Melee Weapons |
| 7:38 | Spirit Lodge |
| 7:46 | Orb of Lightning |
| 7:47 | Potion of Healing |
| 7:48 | Scroll of Speed |
| 7:55 | Pulverize |
| 9:15 | Tauren |
| 9:18 | Shaman Adept Training |
| 9:51 | Tauren |
| 10:14 | Critical Strike |
| 10:27 | Tauren |
| 10:36 | Healing Salve |
| 11:03 | Shaman Master Training |
| 11:34 | Arcanite Melee Weapons |
| 11:41 | Shaman |
| 12:14 | Wind Walk |
| 12:24 | Great Hall |
| 12:46 | Healing Salve |
| 12:46 | Healing Salve |
| 12:55 | Scroll of Speed |
| 13:07 | Orc Burrow |
| 13:22 | Steel Armor |
| 14:29 | Tauren |
| 14:31 | Shaman |
| 14:42 | Critical Strike |
| 14:55 | Critical Strike |
| 15:03 | Tauren |
| 15:07 | Peon |
| 15:10 | Peon |
| 15:31 | Peon |
| 15:47 | Tauren |
| 15:55 | Peon |
| 16:00 | Potion of Healing |
| 16:09 | Healing Salve |
| 16:17 | Scroll of Speed |
| 16:38 | Tauren |
| 17:00 | Tauren |
| 17:36 | Tauren |
| 17:41 | Beastiary |
| 18:37 | Tauren |
| 18:38 | Tauren |
| 18:40 | Shaman |
| 18:59 | Kodo Beast |
| 19:00 | War Drums Damage Increase |
| 19:14 | Scroll of Speed |
| 19:28 | Tauren |
| 19:30 | Tauren |
| 19:42 | Shaman |
| 21:05 | Great Hall |
| 21:09 | Shaman |
| 21:11 | Kodo Beast |
| 21:13 | Tauren |
| 21:33 | Peon |
| 21:33 | Peon |
| 21:49 | Peon |
| 21:49 | Peon |
| 22:11 | Healing Salve |
| 22:11 | Healing Salve |
| 22:20 | Scroll of Town Portal |
| 22:33 | Thorium Armor |
| 22:37 | Orc Burrow |
| 22:46 | Shaman |
| 24:07 | Peon |
| 24:08 | Peon |
| 24:11 | Shaman |
| 24:11 | Shaman |
| 24:14 | Kodo Beast |
| 24:26 | Potion of Healing |
| 24:27 | Scroll of Speed |
| 24:38 | Potion of Healing |
| 24:38 | Healing Salve |
| 24:52 | Shaman |
| 24:55 | Peon |
| 24:55 | Peon |
| 25:01 | Kodo Beast |
| 25:30 | Bladestorm |
| 26:06 | Shaman |
| 26:08 | Shaman |
| 26:09 | Kodo Beast |
| 26:27 | Tauren |
| 26:29 | Tauren |
| Select | 336 |
| Right click | 300 |
| Build/train/purchase | 139 |
| Use ability | 36 |
| Misc. action | 20 |
| Item give/drop | 3 |
| Remove unit | 1 |
39 units @ 5.7k
/ 0.8k
20 buildings @ 3k
/ 1.5k



| Rod of Necromancy | 3 | 450 |
| Potion of Mana | 1 | 200 |
| Potion of Healing | 3 | 450 |
| Orb of Corruption | 2 | 750 |
| Dust of Appearance | 1 | 75 |
| Scroll of Healing | 3 | 750 |
| Scroll of Town Portal | 2 | 700 |
| Circlet of Nobility | 1 | 175 |
| total: | 16 | 3550g |
| Acolyte | 13 | 975 | / | 0 |
| Ghoul | 13 | 1560 | / | 0 |
| Obsidian Statue | 4 | 800 | / | 140 |
| Banshee | 2 | 310 | / | 60 |
| Abomination | 3 | 720 | / | 210 |
| Frost Wyrm | 3 | 1155 | / | 360 |
| Crypt Fiend | 1 | 215 | / | 40 |
| total: | 39 | 5735g | / | 810w |
| Nerubian Tower | 2 | 200 | / | 40 |
| Spirit Tower | 2 | 290 | / | 80 |
| Altar of Darkness | 1 | 180 | / | 50 |
| Ziggurat | 6 | 900 | / | 300 |
| Crypt | 1 | 200 | / | 50 |
| Tomb of Relics | 3 | 390 | / | 90 |
| Graveyard | 1 | 215 | / | 0 |
| Necropolis | 1 | 225 | / | 0 |
| Sacrificial Pit | 2 | 150 | / | 300 |
| Slaughterhouse | 2 | 280 | / | 270 |
| Temple of the Damned | 2 | 310 | / | 280 |
| Boneyard | 1 | 175 | / | 200 |
| Halls of the Dead | 1 | 320 | / | 210 |
| Black Citadel | 1 | 325 | / | 230 |
| total: | 20 | 3025g | / | 1540w |
| 0:03 | Acolyte |
| 0:06 | Altar of Darkness |
| 0:10 | Ziggurat |
| 0:14 | Acolyte |
| 0:34 | Crypt |
| 0:56 | Tomb of Relics |
| 1:19 | Ziggurat |
| 1:34 | Ghoul |
| 1:34 | Ghoul |
| 1:44 | Ghoul |
| 2:05 | Rod of Necromancy |
| 2:10 | Sleep |
| 2:18 | Ghoul |
| 2:20 | Nerubian Tower |
| 2:34 | Ziggurat |
| 2:40 | Cannibalize |
| 3:17 | Halls of the Dead |
| 3:32 | Vampiric Aura |
| 3:48 | Ziggurat |
| 3:49 | Ghoul |
| 3:50 | Ghoul |
| 4:02 | Ghoul |
| 4:22 | Rod of Necromancy |
| 4:27 | Dust of Appearance |
| 5:26 | Graveyard |
| 5:28 | Ghoul |
| 6:00 | Sleep |
| 6:40 | Black Citadel |
| 6:45 | Sacrificial Pit |
| 7:04 | Death Coil |
| 7:06 | Rod of Necromancy |
| 7:19 | Potion of Mana |
| 7:19 | Potion of Healing |
| 7:53 | Slaughterhouse |
| 7:54 | Temple of the Damned |
| 8:00 | Unholy Strength |
| 9:04 | Obsidian Statue |
| 9:26 | Banshee Adept Training |
| 9:26 | Banshee |
| 9:30 | Spirit Tower |
| 9:55 | Acolyte |
| 9:56 | Acolyte |
| 9:56 | Acolyte |
| 9:56 | Acolyte |
| 10:02 | Scroll of Healing |
| 10:28 | Banshee Master Training |
| 10:36 | Acolyte |
| 10:36 | Acolyte |
| 11:35 | Circlet of Nobility |
| 11:49 | Banshee |
| 11:52 | Destroyer Form |
| 12:28 | Vampiric Aura |
| 12:55 | Ghoul Frenzy |
| 12:56 | Ghoul |
| 13:02 | Boneyard |
| 13:05 | Ghoul |
| 13:51 | Abomination |
| 14:02 | Orb of Corruption |
| 14:03 | Scroll of Healing |
| 14:31 | Potion of Healing |
| 14:47 | Unholy Aura |
| 14:56 | Abomination |
| 15:23 | Acolyte |
| 15:34 | Scroll of Town Portal |
| 15:42 | Disease Cloud |
| 16:03 | Unholy Armor |
| 16:17 | Acolyte |
| 16:43 | Necropolis |
| 17:15 | Death Coil |
| 17:17 | Frost Wyrm |
| 17:45 | Slaughterhouse |
| 18:10 | Sleep |
| 19:00 | Acolyte |
| 19:00 | Acolyte |
| 19:18 | Unholy Aura |
| 19:23 | Frost Wyrm |
| 19:32 | Tomb of Relics |
| 19:38 | Ziggurat |
| 19:43 | Ghoul |
| 19:43 | Ghoul |
| 19:43 | Ghoul |
| 20:05 | Acolyte |
| 21:04 | Nerubian Tower |
| 21:05 | Ziggurat |
| 21:10 | Tomb of Relics |
| 21:11 | Sacrificial Pit |
| 21:42 | Creature Carapace |
| 21:52 | Orb of Corruption |
| 21:55 | Potion of Healing |
| 22:05 | Scroll of Town Portal |
| 22:07 | Scroll of Healing |
| 22:11 | Obsidian Statue |
| 22:21 | Spirit Tower |
| 22:26 | Temple of the Damned |
| 23:41 | Howl of Terror |
| 24:07 | Frost Wyrm |
| 24:12 | Obsidian Statue |
| 24:12 | Abomination |
| 24:14 | Crypt Fiend |
| 24:31 | Creature Attack |
| 25:03 | Web |
| 25:18 | Death Coil |
| 25:31 | Inferno |
| 26:01 | Obsidian Statue |
| Select group | 1429 |
| Right click | 947 |
| Select | 629 |
| Misc. action | 170 |
| Build/train/purchase | 129 |
| Assign group | 66 |
| Use ability | 65 |
| Item give/drop | 9 |
| Chat | 9 |
| Minimap ping | 3 |
| Remove unit | 1 |